 Dungeon Crawl Stone Soup version 0.31-a0-175-g9f7f995f2b (webtiles) character file.

Game seed: 11942443477626855847

21 qw the Shield-Bearer (level 2, 0/19 HPs)
             Began as a Gargoyle Fighter on June 17, 2023.
             Slain by Terence
             ... wielding a +0 flail
              (5 damage)
             ... on level 2 of the Dungeon.
             The game lasted 00:00:24 (852 turns).

qw the Shield-Bearer (Gargoyle Fighter)              Turns: 852, Time: 00:00:25

Health: 0/19       AC:  9    Str: 19    XL:     2   Next: 83%
Magic:  2/2        EV:  8    Int:  8    God:
Gold:   22         SH:  7    Dex:  9    Spells: 1/1 levels left

rFire   . . .        Y - +0 war axe
rCold   . . .        f - +0 kite shield
rNeg    + . .        b - +0 scale mail
rPois   inf          (no helmet)
rElec   +            (no cloak)
rCorr   .            (no gloves)
SInv    .            (no boots)
Will    .....        e - amulet of faith Stlth
                     (no ring)
HPRegen 0.23/turn    (no ring)
MPRegen 0.08/turn

%: faith
@: no status effects
A: sickness immunity, AC +2, negative energy resistance 1, electricity
resistance, torment resistance 1, petrification resistance
a: no special abilities


You were on level 2 of the Dungeon.
You visited 1 branch of the dungeon, and saw 2 of its levels.

You collected 22 gold pieces.


Innate Abilities, Weirdness & Mutations

You are immune to sickness and miasma.
Your stone body is resilient. (AC +2)
You are immune to poison.
You resist negative energy. (rN+)
You are resistant to electric shocks. (rElec)
You are resistant to unholy torment.
You are immune to petrification.


   Skills:
 - Level 3.2 Fighting
 - Level 3.0 Axes
 - Level 3.2 Armour
 + Level 3.2 Shields


You had one spell level left.
You didn't know any spells.
Your spell library was empty.

Inventory:

Hand Weapons
 h - a +0 mace
 Y - a +0 war axe (weapon)
Armour
 b - a +0 scale mail (worn)
 f - a +0 kite shield (worn)
Jewellery
 e - an amulet of faith (around neck)
Potions
 d - a potion of might
 g - a potion of attraction {unknown}
 i - a potion of resistance
 j - a potion of heal wounds {unknown}

Dungeon Overview and Level Annotations

Branches:
Dungeon (2/15)

Altars:

Annotations:
D:2 Terence


Message History

Enter note:
Enter note:
Enter note: Done exploring.
(D) Dungeon
Where to? (* - list waypoints, ? - help)
What level of the Dungeon? (default 1, ? - help)
There is a stone staircase leading down here.
You climb downwards.
Found an escape hatch in the ceiling.
There is a stone staircase leading up here.
A bat is nearby!
Waypoint 1 assigned to D:2.
The bat hits you but does no damage.
You barely miss the bat. You block the bat's attack.
You block the bat's attack. You block the bat's attack.
You closely miss the bat. The bat hits you but does no damage.
You slash the bat!
You kill the bat!
Your Axes skill increases to level 3!
Terence the Incautious comes into view.
He is wielding a +0 flail and carrying a wand of flame (23).
Terence shouts!
Terence drinks a potion.
Terence suddenly seems more resistant.
You see here a bat corpse.
843 ||| Stepping ~*~*~tactically~*~*~ (hiding).
There is a stone staircase leading up here.
You start waiting.
Terence is nearby!
Terence hits you with a +0 flail!
You see here a bat corpse.
You barely miss Terence. Terence closely misses you.
You hit Terence.
Terence is lightly wounded.
Terence zaps a wand.
The puff of flame hits you! Terence hits you with a +0 flail.
You die...

.. . . #.
#.## #######
...##.....##
#.#<......#
#@@........#
#..........#
#.......<..#
#..7.7.....#
#..........#
#7#7.7......
........# .7
....


You could see Terence (resistant).

Vanquished Creatures
  A dart slug (D:1)
  An endoplasm (D:1)
  2 jackals (D:1)
  A quokka (D:1)
  3 ball pythons (D:1)
  A bat (D:2)
  A frilled lizard (D:1)
  4 goblins (D:1)
  3 kobolds (D:1)
  A rat (D:1)
18 creatures vanquished.

Notes
Turn   | Place    | Note
-------+----------+-------------------------------------------
     0 | D:1      | qw the Gargoyle Fighter began the quest for the Orb.
     0 | D:1      | Reached XP level 1. HP: 14/14 MP: 1/1
     0 | D:1      | 0 ||| qw: Version: 0.3-a-2-g5ab2908
     0 | D:1      | 0 ||| qw: Game counter: 103
     0 | D:1      | 0 ||| qw: Always use a shield: true
     0 | D:1      | 0 ||| qw: God list: Okawaru
     0 | D:1      | 0 ||| qw: Allow faded altars: false
     0 | D:1      | 0 ||| qw: Do Orc after D:15 true
     0 | D:1      | 0 ||| qw: Do second Lair branch before Depths: true
     0 | D:1      | 0 ||| qw: Lair rune preference: random
     0 | D:1      | 0 ||| qw: Plans: Normal, Zot:1-4, Slime:5, God:TSO, Crypt,
                  | Tomb, Abyss, Pan, Hells, Win
     0 | D:1      | 0 ||| PLANNING D:1-11
   183 | D:1      | Reached XP level 2. HP: 19/19 MP: 2/2
   234 | D:1      | 234 ||| DROPPING +0 club.
   343 | D:1      | Found a faded altar of an unknown god.
   455 | D:1      | 455 ||| Stepping ~*~*~tactically~*~*~ (stealth).
   778 | D:1      | 778 ||| UPGRADING to +0 kite shield.
   788 | D:1      | 788 ||| DROPPING +0 buckler.
   789 | D:1      | 789 ||| UPGRADING to amulet of faith.
   794 | D:1      | 794 ||| READING scroll labelled FAUJ NUW VODGHO.
   840 | D:2      | Reached skill level 3 in Axes
   842 | D:2      | Noticed Terence
   843 | D:2      | 843 ||| Stepping ~*~*~tactically~*~*~ (hiding).
   852 | D:2      | Slain by Terence

Levels and vault maps discovered:
D:1:      amcnicky_arrival_wind_blow, layout_loops_ring,
          shapermc_ecumenical_altar_starsandcircs, minmay_misc_feat_doors
D:2:      layout_rooms, serial_forest, infiniplex_forest_clump_cross,
          infiniplex_forest_lined_corner, infiniplex_forest_lined_room_3,
          infiniplex_forest_split, infiniplex_forest_clump_double,
          infiniplex_forest_lined_3, infiniplex_forest_lined_3,
          infiniplex_forest_lined_room_, infiniplex_forest_split,
          infiniplex_forest_lined_corner, uniq_sigmund, uniq_terence

Skill      XL: |  1  2 |
---------------+-------+-----
Axes           | 2 3 |  3.0
Fighting       | |  3.2
Armour         | |  3.2
Shields        | |  3.2

Action                     || total
---------------------------++-------
  Melee: War axe           ||    67
    Use: Scroll            ||     1
 Armour: Scale mail        ||    39
  Dodge: Dodged            ||    26
  Block: Buckler           ||     7
         Kite shield       ||     3

Table legend:
 A = Non-vault XP
 B = Vault XP
 C = Vault XP percentage of total XP
 D = Non-vault monster count
 E = Vault monster count
 F = Vault count percentage of total count
                 A         B        C        D         E       F
            +---------+---------+-------+---------+---------+-------
      Total |      30 |       0 |   0.0 |      18 |       0 |   0.0
            +---------+---------+-------+---------+---------+-------
        D:1 |      29 |       0 |   0.0 |      17 |       0 |   0.0
        D:2 |       1 |       0 |   0.0 |       1 |       0 |   0.0
            +---------+---------+-------+---------+---------+-------
